 Dungeon Sprint DCSS version 0.30-a0-953-g5f1da4a474 (webtiles) character file.

Game seed: 15648130060638157610

2214 testman the Grappler (level 9, -4/102 HPs)
             Began as a Troll Fighter on Mar 28, 2023.
             Was an Initiate of Jiyva.
             Shot with an arrow by a tengu warrior (27 damage)
             ... in the Dungeon (Sprint IX: "|||||||||||||||||||||||||||||").
             The game lasted 00:02:25 (190 turns).

testman the Grappler (Troll Fighter)                 Turns: 190, Time: 00:02:26

Health: -4/102     AC:  4    Str: 30    XL:     9   Next: 13%
Magic:  8/8        EV: 11    Int:  7    God:    Jiyva [......]
Gold:   0          SH:  0    Dex:  9    Spells: 8/8 levels left

rFire   . . .      SeeInvis .      - Unarmed
rCold   . . .      Faith    .    b - +0 kite shield
rNeg    . . .      Spirit   .    a - +0 robe
rPois   .          Reflect  .    (helmet restricted)
rElec   .          Rampage  .    (no cloak)
rCorr   .          NoTele   +    (gloves unavailable)
Will    .....                    (boots unavailable)
Stlth   +                        (no amulet)
HPRegen 1.17/turn                l - +3 ring of intelligence
MPRegen 0.11/turn                m - +2 ring of evasion

@: confused, mighty, invisible
A: large, unfitting armour, claws 3, regeneration 1, shaggy fur 1, tough skin 1
a: Renounce Religion


You were in the Dungeon.
You worshipped Jiyva.
Jiyva was noncommittal.
You visited 1 branch

Inventory:

Armour
 a - a +0 robe (worn)
 b - a +0 kite shield (worn)
Jewellery
 l - a +3 ring of intelligence (left claw)
 m - a +2 ring of evasion (right claw)
Wands
 k - a wand of quicksilver (10)
Scrolls
 i - 2 scrolls of blinking
 j - 2 scrolls of amnesia
Potions
 d - 5 potions of curing
 f - a potion of haste
 g - 4 potions of magic


   Skills:
 + Level 10.5 Fighting
 - Level 2.4 Dodging
 + Level 11.4 Shields
 + Level 12.2 Unarmed Combat


You had 8 spell levels left.
You didn't know any spells.
Your spell library was empty.

Dungeon Overview and Level Annotations

Branches:
Dungeon (1/1)

Altars:
Cheibriados
Dithmenos
Elyvilon
Fedhas
Gozag
Hepliaklqana
Kikubaaqudgha
Makhleb
Nemelex Xobeh
Okawaru
Qazlal
Ru
Sif Muna
Trog
Uskayaw
Vehumet
Wu Jian
Xom
Yredelemnul
Zin
The Shining One
Jiyva
Lugonu


Innate Abilities, Weirdness & Mutations

You are too large for most types of armour.
You have claws for hands.
Your natural rate of healing is unusually fast.
You are covered in fur. (AC +1)
You have tough skin. (AC +1)


Message History

The boulder beetle curls into a ball and begins rolling!
The tengu warrior unwields a +0 great mace.
The tengu warrior wields a +0 longbow.
The tengu warrior shoots an arrow.
The arrow hits you!
You feel much better.
The tengu warrior shoots an arrow.
The arrow hits you!!
The boulder beetle stops rolling and uncurls.
The tengu warrior unwields a +0 longbow.
The tengu warrior wields a +0 great mace.
The tengu warrior misses you. The tengu warrior pecks you.
The tengu warrior barely misses you.
There is an open door, spattered with blood here.
Things that are here:
a shapeshifter corpse; a manticore corpse You bump into the unnaturally hard rock wall.
The boulder beetle curls into a ball and begins rolling!
You bump into the unnaturally hard rock wall.
The tengu warrior hits you with a +0 great mace!
The tengu warrior barely misses you. The tengu warrior claws you.
The boulder beetle stops rolling and uncurls.
You bump into the unnaturally hard rock wall.
The tengu warrior hits you with a +0 great mace!
* * * LOW HITPOINT WARNING * * *
The tengu warrior pecks you but does no damage.
The tengu warrior claws you.
* * * LOW HITPOINT WARNING * * *
The boulder beetle curls into a ball and begins rolling!
Okay, then.
You feel much better.
The tengu warrior hits you with a +0 great mace!
* * * LOW HITPOINT WARNING * * *
The tengu warrior pecks you.
* * * LOW HITPOINT WARNING * * *
The tengu warrior claws you but does no damage.
The boulder beetle stops rolling and uncurls.
The tengu warrior unwields a +0 great mace.
The tengu warrior wields a +0 longbow.
The tengu warrior shoots an arrow.
The arrow closely misses you.
You fade into invisibility!
The tengu warrior shoots an arrow.
The arrow hits you!!
You die... ▓▓▓▓▓▓▓▓▓▓▓▓▓▓▓▓▓▓▓▓▓▓▓▓▓ +..VBCQ†@....)'..[[[.)..' ▓▓▓▓▓▓▓▓▓▓▓▓▓▓▓▓▓▓▓▓▓▓▓▓▓

You could see a boulder beetle (unable to see you), a tengu warrior (unable to see you), a cyclops (unable to see you) and a vampire.

Vanquished Creatures
  A two-headed ogre (D)
  A manticore (D)
  A kobold demonologist (D)
  A tarantella (shapeshifter) (D)
  A wraith (D)
  2 yaks (D)
  A black bear (D)
  2 ogres (D)
  A centaur (D)
  A hound (D)
  An adder (D)
  An endoplasm (D)
  A kobold (D)
  A bat (D)
  2 frilled lizards (D)
18 creatures vanquished.

Vanquished Creatures (others)
  A great orb of eyes (D)
  A centaur warrior (D)
  A glowing orange brain (D)
  A vault sentinel (D)
  2 slime creatures (D)
  A slime creature (shapeshifter) (D)
  A hog (shapeshifter) (D)
8 creatures vanquished.

Grand Total: 26 creatures vanquished

Notes
Turn   | Place    | Note
-------+----------+-------------------------------------------
     0 | D        | testman the Troll Fighter began the quest for the Orb.
     0 | D        | Reached XP level 1. HP: 22/22 MP: 0/0
    29 | D        | Noticed a hound
    29 | D        | Noticed an ogre
    29 | D        | Noticed an ogre
    29 | D        | Noticed a black bear
    33 | D        | Killed a black bear
    34 | D        | Reached skill level 5 in Shields
    34 | D        | Reached skill level 5 in Unarmed Combat
    34 | D        | Reached XP level 2. HP: 33/33 MP: 1/1
    34 | D        | Reached XP level 3. HP: 41/41 MP: 2/2
    34 | D        | Reached XP level 4. HP: 49/49 MP: 3/3
    35 | D        | Reached skill level 5 in Fighting
    38 | D        | Killed an ogre
    39 | D        | Reached skill level 6 in Unarmed Combat
    39 | D        | Reached XP level 5. HP: 59/59 MP: 4/4
    41 | D        | Killed an ogre
    42 | D        | Reached skill level 7 in Unarmed Combat
    42 | D        | Reached XP level 6. HP: 68/68 MP: 5/5
    89 | D        | Found a snail-covered altar of Cheibriados.
    89 | D        | Found a shadowy altar of Dithmenos.
    89 | D        | Found a white marble altar of Elyvilon.
    89 | D        | Found a blossoming altar of Fedhas.
    89 | D        | Found an opulent altar of Gozag.
    90 | D        | Found a hazy altar of Hepliaklqana.
    91 | D        | Found a viscous altar of Jiyva.
    92 | D        | Found an ancient bone altar of Kikubaaqudgha.
    93 | D        | Found a corrupted altar of Lugonu.
    94 | D        | Found a burning altar of Makhleb.
    95 | D        | Found a sparkling altar of Nemelex Xobeh.
    96 | D        | Found an iron altar of Okawaru.
    97 | D        | Found a stormy altar of Qazlal.
    98 | D        | Found a sacrificial altar of Ru.
    99 | D        | Became a worshipper of Jiyva Jumupp the Shapeless
   100 | D        | Found a shimmering blue altar of Sif Muna.
   100 | D        | Killed a centaur warrior
   100 | D        | Killed a slime creature
   101 | D        | Found a bloodstained altar of Trog.
   101 | D        | Killed a vault sentinel
   102 | D        | Found a hide-covered altar of Uskayaw.
   103 | D        | Found a radiant altar of Vehumet.
   103 | D        | Killed a slime creature
   104 | D        | Found an ornate altar of the Wu Jian Council.
   104 | D        | Killed a slime creature
   105 | D        | Found a shimmering altar of Xom.
   106 | D        | Found a basalt altar of Yredelemnul.
   107 | D        | Found a glowing silver altar of Zin.
   107 | D        | Killed a glowing orange brain
   108 | D        | Found a glowing golden altar of the Shining One.
   112 | D        | Killed a great orb of eyes
   134 | D        | Noticed a two-headed ogre
   134 | D        | Noticed a wraith
   134 | D        | Noticed a yak
   134 | D        | Noticed a yak
   134 | D        | Noticed a kobold demonologist
   139 | D        | Killed a hog
   140 | D        | Reached skill level 8 in Unarmed Combat
   143 | D        | Killed a kobold demonologist
   144 | D        | Reached skill level 9 in Unarmed Combat
   144 | D        | Reached XP level 7. HP: 57/80 MP: 6/6
   146 | D        | Killed a yak
   152 | D        | Killed a yak
   153 | D        | Reached skill level 10 in Unarmed Combat
   157 | D        | Killed a wraith
   158 | D        | Reached XP level 8. HP: 71/92 MP: 7/7
   160 | D        | Killed a two-headed ogre
   161 | D        | Reached skill level 10 in Shields
   161 | D        | Reached skill level 11 in Unarmed Combat
   167 | D        | Noticed a boulder beetle
   167 | D        | Noticed a cyclops
   167 | D        | Noticed a tengu warrior
   167 | D        | Noticed a tarantella
   167 | D        | Noticed a manticore
   173 | D        | Killed a manticore
   174 | D        | Reached skill level 10 in Fighting
   174 | D        | Reached skill level 12 in Unarmed Combat
   174 | D        | Reached XP level 9. HP: 62/102 MP: 8/8
   190 | D        | Shot with an arrow by a tengu warrior

Illustrated notes

Levels and vault maps discovered:
D:        linesprint [early_d, line_temple, items_1, d_10, items_2, lair_1,
          lair_end, items_3, orc_1, orc_end, items_4, d_15, swamp_1, shoals_1,
          snake_1, spider_1, d_20, vaults_1, items_5, swamp_end, shoals_end,
          snake_end, spider_end, vaults_end, d_27, items_6, zot_1, zot_end,
          crypt_end, forest_end, elf_end, slime_end, tomb_end, abyss_end,
          pan_hell_end]

Skill      XL: |  1  2  3  4  5  6  7  8 |
---------------+-------------------------+-----
Shields        | 5 6 7 8 9 11 | 11.4
Fighting       | 4 5 6 8 9 10 | 10.5
Unarmed Combat | 5 6 7 9 10 12 | 12.2
Dodging        | |  2.4

Action                     |  1- 3 |  4- 6 |  7- 9 || total
---------------------------+-------+-------+-------++-------
  Melee: Unarmed           |    22 |    16 |    25 ||    63
    Use: Potion            |     1 |     1 |     4 ||     6
 Armour: Robe              |     1 |     1 |     7 ||     9
  Dodge: Dodged            |     7 |     6 |    15 ||    28
  Block: Kite shield       |     7 |     5 |    10 ||    22

Table legend: (Time is in decaauts)
 A = Elapsed time spent in this place.
 B = Non-inter-level travel time spent in this place.
 C = Inter-level travel time spent in this place.
 D = Time resting spent in this place.
 E = Time spent auto-exploring this place.
 F = Levels seen in this place.
 G = Mean time per level.
                   A        B        C        D        E       F      G
               +--------+--------+--------+--------+--------+-----+--------+
         Total |    197 |    197 |      0 |     52 |      0 |   1 |  197.0 |
       Dungeon |    197 |    197 |      0 |     52 |      0 |   1 |  197.0 |
               +--------+--------+--------+--------+--------+-----+--------+

Top non-repeatable levels by time:
       D: 197 daAuts
